 Dungeon Crawl Stone Soup version 0.32-a0-909-gc671339a80 (webtiles) character file.

Game seed: 7364883376241036053

173 Biggs the Shooter (level 5, -1/38 HPs)
             Began as a Coglin Hunter on Apr 7, 2024.
             Incinerated by a bombardier beetle (4 damage)
             ... with a burning spray
             ... on level 3 of the Dungeon.
             The game lasted 00:02:25 (1697 turns).

Biggs the Shooter (Coglin Hunter)                   Turns: 1697, Time: 00:02:25

Health: -1/38      AC:  3    Str: 11    XL:     5   Next: 53%
Magic:  5/5        EV: 11    Int:  8    God:
Gold:   77         SH:  0    Dex: 20    Spells: 4/4 levels left

rFire   . . .        a - +2 sling {Ealdgyð}
rCold   . . .        d - +0 sling {Bernhard}
rNeg    . . .        c - +0 leather armour
rPois   .            (no helmet)
rElec   .            (no cloak)
rCorr   .            (no gloves)
SInv    .            (no boots)
Will    .....        (amulet unavailable)
Stlth   +            (ring unavailable)
HPRegen 0.26/turn    (ring unavailable)
MPRegen 0.09/turn    (no gizmo)

%: no passive effects
@: brilliant, on fire, glowing, revving
A: off-hand wielding, slow wielding, warmup strikes, no jewellery
a: Invent Gizmo


You were on level 3 of the Dungeon.
You visited 1 branch of the dungeon, and saw 3 of its levels.

You collected 77 gold pieces.

Inventory:

Hand Weapons
 a - a +2 sling (weapon) {Ealdgyð}
 d - a +0 sling (offhand) {Bernhard}
Armour
 c - a +0 leather armour (worn)
Wands
 p - a wand of light (11)
Scrolls
 b - a scroll of butterflies
 f - 2 scrolls of vulnerability {unknown}
 i - 3 scrolls of identify {unknown}
 k - a scroll of blinking {unknown}
 l - 3 scrolls of teleportation {unknown}
 m - a scroll of immolation {unknown}
 n - a scroll of fear {unknown}
Potions
 e - a potion of brilliance
 g - a potion of invisibility {unknown}
 h - a potion of degeneration {unknown}
 j - a potion of ambrosia {unknown}
 o - a potion of curing {unknown}
 q - a potion of magic {unknown}


   Skills:
 - Level 2.0 Fighting
 + Level 6.0 Ranged Weapons
 - Level 1.7 Dodging
 - Level 0.7 Stealth


You had 4 spell levels left.
You didn't know any spells.
Your spell library contained the following spells:

 Spells                   Type           Power      Damage    Failure   Level
 Cigotuvi's Dreadful Rot  Necr/Alch/Air  0%         N/A       65%         2
 Ignite Poison            Fire/Alch      0%         N/A       99%         4
 Freezing Cloud           Conj/Ice/Air   0%         6-21      100%        5


Dungeon Overview and Level Annotations

Branches:
Dungeon (3/15)

Altars:
Dithmenos
Elyvilon
Qazlal


Innate Abilities, Weirdness & Mutations

You can wield a second weapon in your off-hand.
It takes a long time for you to wield or remove held weapons.
Your first few attacks do less damage.
You cannot equip rings or amulets.


Message History

The bombardier beetle is almost dead.
You shoot a sling bullet.
The sling bullet hits the bombardier beetle but does no damage.
The bombardier beetle is almost dead.
The liquid fire burns you!
You are too injured to fight recklessly!
You are too injured to fight recklessly!
Unknown command.
You are on fire!
You are too injured to fight recklessly!
Unknown command.
You are on fire!
You are too injured to fight recklessly!
You are on fire!
You are too injured to fight recklessly!
You are too injured to fight recklessly!
Unknown command.
Fire: a) +2 sling {Ealdgyð}
Press: ? - help, Q - select action, (/) - cycle Shift-Dir - straight line, f/p - bombardier beetle
Aim: a bombardier beetle (almost dead, 75% to hit)
You shoot a sling bullet.
The sling bullet hits the bombardier beetle.
You kill the bombardier beetle!
You shoot a sling bullet. The liquid fire burns you!
Your Ranged Weapons skill increases to level 6!
Unknown command.
You shake off some of the fire as you move.
The liquid fire burns you!
* * * LOW HITPOINT WARNING * * *
You shake off some of the fire as you move.
The liquid fire burns you!
* * * LOW HITPOINT WARNING * * *
You shake off some of the fire as you move.
The liquid fire burns you!
* * * LOW HITPOINT WARNING * * *
It was a potion of brilliance.
You feel clever all of a sudden. The liquid fire burns you!
You die...

#.# .# ###### #.# .#
.....# #.# .# .....# #.#
†# .....# #.# .# .....#
#.# .#
.....############.##.###
................@......#
...#.#############.#.#.#
...#.#..##)......#.#.#.#
.)....................>#
...##..###.#######.#.#.#
...........# #.#....
..#._.#.#..# #.#...##
........#..# #.#...#
....#####..# #.# .#


There were no monsters in sight!

Vanquished Creatures
  2 bombardier beetles (D:3)
  Natasha (twice) (D:2)
  An adder (D:2)
  2 dart slugs
  An orc (D:3)
  6 ball pythons
  4 bats
  7 endoplasms
  2 giant cockroaches
  3 goblins
  5 hobgoblins
  2 quokkas
  4 frilled lizards
  7 kobolds
  4 rats
52 creatures vanquished.

Notes
Turn   | Place    | Note
-------+----------+-------------------------------------------
     0 | D:1      | Biggs the Coglin Hunter began the quest for the Orb.
     0 | D:1      | Reached XP level 1. HP: 16/16 MP: 1/1
   243 | D:1      | Reached skill level 4 in Ranged Weapons
   243 | D:1      | Reached XP level 2. HP: 22/22 MP: 2/2
   588 | D:1      | Reached XP level 3. HP: 27/27 MP: 3/3
  1143 | D:2      | Noticed Natasha
  1148 | D:2      | Killed Natasha
  1149 | D:2      | Reached skill level 5 in Ranged Weapons
  1149 | D:2      | Reached XP level 4. HP: 26/33 MP: 4/4
  1281 | D:2      | Noticed Natasha
  1285 | D:2      | Killed Natasha
  1503 | D:3      | Reached XP level 5. HP: 38/38 MP: 5/5
  1628 | D:3      | Found a stormy altar of Qazlal.
  1628 | D:3      | Found a white marble altar of Elyvilon.
  1649 | D:3      | Found a shadowy altar of Dithmenos.
  1694 | D:3      | Reached skill level 6 in Ranged Weapons
  1697 | D:3      | Incinerated by a bombardier beetle

Illustrated notes

Levels and vault maps discovered:
D:1:      minmay_arrival_open_corners, layout_basic, serial_forest,
          infiniplex_forest_pool, infiniplex_forest_lined_1,
          infiniplex_forest_clump_cross, infiniplex_forest_end_2,
          infiniplex_forest_join, chequers_serial_rivers_small_b
D:2:      layout_loops_cross, uniq_natasha
D:3:      layout_basic, mainiacjoe_overflow_large_starburst,
          mainiacjoe_overflow_tiny_flanked, uniq_grinder

Skill      XL: |  1  2  3  4  5 |
---------------+----------------+-----
Ranged Weapons | 4 5 6 |  6.0
Fighting       | |  2.0
Dodging        | |  1.7
Stealth        | |  0.7

Action                     |  1- 3 |  4- 6 || total
---------------------------+-------+-------++-------
   Fire: Sling             |   130 |    80 ||   210
    Use: Potion            |       |     1 ||     1
 Armour: Leather armour    |     2 |     3 ||     5
  Dodge: Dodged            |       |     4 ||     4

Table legend: (Time is in decaauts)
 A = Elapsed time spent in this place.
 B = Non-inter-level travel time spent in this place.
 C = Inter-level travel time spent in this place.
 D = Time resting spent in this place.
 E = Time spent auto-exploring this place.
 F = Levels seen in this place.
 G = Mean time per level.
                   A        B        C        D        E       F      G
               +--------+--------+--------+--------+--------+-----+--------+
         Total |   1718 |   1641 |     77 |      0 |   1410 |   3 |  572.7 |
       Dungeon |   1718 |   1641 |     77 |      0 |   1410 |   3 |  572.7 |
               +--------+--------+--------+--------+--------+-----+--------+

Top non-repeatable levels by time:
     D:1: 807 daAuts
     D:2: 661 daAuts
     D:3: 249 daAuts
